 Dungeon Crawl Stone Soup version 0.30.0-21-gd299b56b3f (webtiles) character file.

Game seed: 840017252124751971

1169 qw the Chopper (level 8, -11/49 HPs)
             Began as a Gargoyle Fighter on June 2, 2023.
             Was an Initiate of Okawaru.
             Killed from afar by an oklob plant (25 damage)
             ... with a splash of acid
             ... on level 6 of the Dungeon.
             The game lasted 00:02:14 (4534 turns).

qw the Chopper (Gargoyle Fighter)                   Turns: 4534, Time: 00:02:14

Health: -11/49     AC: 10    Str: 23    XL:     8   Next: 40%
Magic:  10/10      EV:  7    Int:  8    God:    Okawaru [......]
Gold:   115        SH:  8    Dex:  9    Spells: 7/7 levels left

rFire   . . .        Y - +2 war axe
rCold   . . .        i - +0 kite shield
rNeg    + + .        o - +0 chain mail
rPois   inf          (no helmet)
rElec   +            (no cloak)
rCorr   .            (no gloves)
SInv    .            (no boots)
Will    .....        l - amulet of faith Stlth
                     j - ring of positive energy
HPRegen 0.28/turn    (no ring)
MPRegen 0.12/turn

%: faith
@: corroded
A: sickness immunity, AC +5, negative energy resistance 1, electricity
resistance, torment resistance 1, petrification resistance
a: Renounce Religion


You were on level 6 of the Dungeon.
You worshipped Okawaru.
Okawaru was noncommittal.
You visited 2 branches of the dungeon, and saw 7 of its levels.

You collected 290 gold pieces.
You spent 175 gold pieces at shops.


Innate Abilities, Weirdness & Mutations

You are immune to sickness and miasma.
Your stone body is resilient. (AC +5)
You are immune to poison.
You resist negative energy. (rN+)
You are resistant to electric shocks. (rElec)
You are resistant to unholy torment.
You are immune to petrification.


   Skills:
 - Level 5.2 Fighting
 - Level 7.1 Axes
 - Level 0.9 Throwing
 - Level 3.2 Armour
 - Level 1.2 Dodging
 + Level 4.6 Shields
 - Level 3.0 Invocations


You had 7 spell levels left.
You didn't know any spells.
Your spell library was empty.

Inventory:

Hand Weapons
 a - a +0 morningstar
 Y - a +2 war axe (weapon)
Missiles
 b - 5 boomerangs
 t - 2 silver boomerangs (quivered)
Armour
 i - a +0 kite shield (worn)
 o - a +0 chain mail (worn)
Jewellery
 j - a ring of positive energy (left hand)
 l - an amulet of faith (around neck)
Scrolls
 m - 3 scrolls of identify
 p - a scroll of teleportation
 r - a scroll of noise {unknown}
 s - a scroll of amnesia {unknown}
Potions
 c - a potion of mutation {unknown}
 d - a potion of might
 e - 4 potions of curing
 f - 2 potions of heal wounds
 g - 2 potions of attraction
 k - a potion of resistance
 n - a potion of lignification
 q - 3 potions of haste {unknown}

Dungeon Overview and Level Annotations

Branches:
Dungeon (6/15)             Temple (1/1) D:4

Altars:
Ashenzari
Cheibriados
Dithmenos
Elyvilon
Fedhas
Gozag
Hepliaklqana
Nemelex Xobeh
Okawaru
Qazlal
Ru
Sif Muna
Vehumet
Wu Jian
Xom
Zin
The Shining One

Shops:
D:4 *

Annotations:
D:2 1 runed translucent door, Crazy Yiuf
D:6 2 runed translucent doors


Message History

Enter note:
Enter note:
Enter note:
Enter note:
Enter note:
Enter note:
Enter note:
Enter note:
Enter note:
Enter note:
Enter note: You hit the oklob plant but do no damage.
You slash the plant!
The plant begins to die.
You slash the oklob plant!
The oklob plant is lightly damaged.
You hit the plant but do no damage.
You hit the oklob plant but do no damage.
The oklob plant is lightly damaged.
You hit the plant.
A nearby plant withers and dies.
You hit the oklob plant.
The oklob plant is moderately damaged.
You hit the oklob plant.
The oklob plant is moderately damaged.
You slash the oklob plant!
The oklob plant is heavily damaged.
The oklob plant spits acid at you. The splash of acid hits you!!
You hit the oklob plant but do no damage.
The oklob plant is heavily damaged.
The oklob plant spits acid at you. The splash of acid hits you!
You hit the oklob plant.
The oklob plant is heavily damaged.
You slash the oklob plant!
The oklob plant is severely damaged.
The oklob plant spits acid at you. The splash of acid hits you!!
Ouch! That really hurt!
You die...

P...~~~~._.~~~~.PP.P#............
PP#.~~~~...~~~~.##PP#..#.........
PP#.~~~~~.~~~~~.PPP.#.###........
PP#..~~~~.~~~~..PPPP#............
PPP#..~~~.~~~..PPPPP##...........
PPPPP..~~.~~...PPPP###..........#
PPP..P........#PPPPP###..........
PPPPP.PPP..........P#......##....
PPPPPP###PPPPP..@.P##.#.#........


.##PPPPPPPPP.P.#.PPP# ........... P#PPP.P#PPPP#P#.P#P## ...#.##...
################### . ##....# #...## ....# ....# ../# You could see an oklob
plant.

Vanquished Creatures
  Grinder (D:3)
  Sigmund (D:3)
  2 ogres
  Blork the orc (D:6)
  3 scorpions
  A howler monkey (D:5)
  A hound (D:4)
  A jelly (D:5)
  A sleepcap (D:5)
  An orc wizard (D:4)
  3 iguanas
  Terence (D:3)
  6 adders
  An ufetubus (D:6)
  4 worms
  2 dart slugs
  16 orcs
  3 endoplasms
  2 giant cockroaches
  5 goblins
  7 hobgoblins
  6 jackals
  A quokka (D:4)
  8 ball pythons
  5 bats
  2 frilled lizards (D:2)
  4 kobolds
  2 rats (D:2)
91 creatures vanquished.

Notes
Turn   | Place    | Note
-------+----------+-------------------------------------------
     0 | D:1      | qw the Gargoyle Fighter began the quest for the Orb.
     0 | D:1      | Reached XP level 1. HP: 14/14 MP: 1/1
     0 | D:1      | 0 ||| qw: Version: 0.2-a-102-gdf20003
     0 | D:1      | 0 ||| qw: Game counter: 824
     0 | D:1      | 0 ||| qw: Always use a shield: true
     0 | D:1      | 0 ||| qw: God list: Okawaru
     0 | D:1      | 0 ||| qw: Allow faded altars: false
     0 | D:1      | 0 ||| qw: Do Orc after D:15 true
     0 | D:1      | 0 ||| qw: Do second Lair branch before Depths: true
     0 | D:1      | 0 ||| qw: Lair rune preference: random
     0 | D:1      | 0 ||| qw: Plans: Normal, Zot:1-4, Slime:5, God:TSO, Crypt,
                  | Tomb, Pan, Hells, Abyss, Win
     0 | D:1      | 0 ||| PLANNING D:1-11
   133 | D:1      | 133 ||| Stepping ~*~*~tactically~*~*~ (stealth).
   137 | D:1      | Reached skill level 2 in Axes
   162 | D:1      | Found a faded altar of an unknown god.
   375 | D:1      | 375 ||| UPGRADING to ring of positive energy.
   376 | D:1      | 376 ||| READING 2 scrolls labelled QOT URHINE.
   377 | D:1      | 377 ||| READING 3 scrolls labelled UNTEODDUTYO.
   378 | D:1      | 378 ||| READING 2 scrolls labelled POSHUNTUHOO.
   379 | D:1      | 379 ||| READING scroll of enchant weapon.
   379 | D:1      | 379 ||| ENCHANTING +1 war axe.
   380 | D:1      | 380 ||| DRINKING 2 murky yellow potions.
   381 | D:1      | 381 ||| DROPPING scroll of poison.
   382 | D:1      | 382 ||| DROPPING 2 scrolls of vulnerability.
   411 | D:2      | 411 ||| Stepping ~*~*~tactically~*~*~ (stealth).
   418 | D:2      | Reached XP level 2. HP: 19/19 MP: 2/2
   488 | D:2      | 488 ||| Stepping ~*~*~tactically~*~*~ (stealth).
   493 | D:2      | Reached skill level 3 in Axes
   493 | D:2      | Reached XP level 3. HP: 23/23 MP: 3/3
   577 | D:2      | 577 ||| DROPPING +0 club.
   602 | D:2      | 602 ||| FLEEEEING.
   603 | D:2      | 603 ||| FLEEEEING.
   604 | D:2      | 604 ||| FLEEEEING.
   605 | D:2      | 605 ||| FLEEEEING.
   606 | D:2      | 606 ||| FLEEEEING.
   607 | D:2      | 607 ||| FLEEEEING.
   608 | D:2      | 608 ||| FLEEEEING.
   609 | D:2      | 609 ||| FLEEEEING.
   697 | D:2      | 697 ||| Stepping ~*~*~tactically~*~*~ (hiding).
   761 | D:2      | 761 ||| Stepping ~*~*~tactically~*~*~ (hiding).
   763 | D:2      | 763 ||| Stepping ~*~*~tactically~*~*~ (hiding).
  1028 | D:2      | Found a runed translucent door.
  1029 | D:2      | Noticed Crazy Yiuf
  1204 | D:2      | 1204 ||| Stepping ~*~*~tactically~*~*~ (stealth).
  1205 | D:2      | 1205 ||| Stepping ~*~*~tactically~*~*~ (stealth).
  1302 | D:2      | 1302 ||| READING 2 scrolls labelled AHEAFO SOUWING.
  1303 | D:2      | 1303 ||| READING scroll labelled ZAL ZUALAMIBBU.
  1304 | D:2      | 1304 ||| READING scroll labelled KIR TEESTOACW.
  1394 | D:2      | 1394 ||| READING 2 scrolls labelled NELUOV YCIQOI.
  1395 | D:2      | 1395 ||| DRINKING 2 coppery potions.
  1396 | D:2      | 1396 ||| DROPPING scroll of fog.
  1625 | D:3      | Reached XP level 4. HP: 27/28 MP: 4/4
  1662 | D:3      | Reached skill level 4 in Axes
  1684 | D:3      | Noticed Grinder
  1685 | D:3      | 1685 ||| Stepping ~*~*~tactically~*~*~ (hiding).
  1691 | D:3      | Paralysed by Grinder for 3 turns
  1705 | D:3      | 1705 ||| Stepping ~*~*~tactically~*~*~ (hiding).
  1708 | D:3      | Killed Grinder
  1709 | D:3      | Reached skill level 5 in Axes
  1709 | D:3      | Reached XP level 5. HP: 21/32 MP: 5/5
  1709 | D:3      | Reached XP level 6. HP: 24/37 MP: 6/6
  1768 | D:3      | 1768 ||| DROPPING orb of mayhem.
  1769 | D:3      | 1769 ||| READING 3 scrolls of identify.
  1769 | D:3      | 1769 ||| IDENTIFYING smoky amethyst potion
  1770 | D:3      | 1770 ||| READING 2 scrolls of identify.
  1770 | D:3      | 1770 ||| IDENTIFYING viscous inky potion
  1771 | D:3      | 1771 ||| DROPPING potion of ambrosia.
  1792 | D:3      | 1792 ||| DROPPING +0 mace.
  1854 | D:3      | Found a stormy altar of Qazlal.
  1967 | D:3      | Found a glowing silver altar of Zin.
  1967 | D:3      | Found a white marble altar of Elyvilon.
  1967 | D:3      | Noticed Sigmund
  1968 | D:3      | 1968 ||| DRINKING 3 potions of curing.
  1968 | D:3      | 1968 ||| (to cure confusion)
  1969 | D:3      | 1969 ||| Stepping ~*~*~tactically~*~*~ (hiding).
  1970 | D:3      | 1970 ||| Stepping ~*~*~tactically~*~*~ (hiding).
  1977 | D:3      | Killed Sigmund
  2143 | D:3      | Noticed Terence
  2149 | D:3      | Killed Terence
  2150 | D:3      | Reached XP level 7. HP: 38/44 MP: 7/7
  2342 | D:3      | 2342 ||| UPGRADING to +2 scale mail of poison resistance.
  2352 | D:3      | 2352 ||| DROPPING +0 scale mail.
  2353 | D:3      | 2353 ||| READING 2 scrolls of identify.
  2353 | D:3      | 2353 ||| IDENTIFYING sedimented yellow potion
  2419 | D:4      | 2419 ||| Stepping ~*~*~tactically~*~*~ (stealth).
  2428 | D:4      | Reached skill level 1 in Dodging
  2447 | D:4      | Found a staircase to the Ecumenical Temple.
  2448 | D:4      | 2448 ||| PLANNING TEMPLE
  2456 | Temple   | Entered the Ecumenical Temple
  2457 | Temple   | 2457 ||| PLANNING OKAWARU WORSHIP
  2463 | Temple   | Became a worshipper of Warmaster Okawaru
  2463 | Temple   | 2463 ||| PLANNING D:1-11
  2493 | D:4      | 2493 ||| Stepping ~*~*~tactically~*~*~ (stealth).
  2760 | D:4      | Found Someppyrgh's Assorted Antiques.
  2770 | D:4      | 2770 ||| BUYING 2 lumpy emerald potions (43 gold).
  2770 | D:4      | Bought 2 lumpy emerald potions for 43 gold pieces
  2770 | D:4      | 2770 ||| BUYING chain mail (108 gold).
  2770 | D:4      | Bought a chain mail for 108 gold pieces
  2770 | D:4      | 2770 ||| SHOPLISTING pair of boots (108 gold, have 38).
  2770 | D:4      | 2770 ||| SHOPLISTING potion of resistance (240 gold, have
                  | 38).
  2770 | D:4      | 2770 ||| BUYING scroll labelled NEENO BACUNUCH (24 gold).
  2770 | D:4      | Bought a scroll labelled NEENO BACUNUCH for 24 gold pieces
  2770 | D:4      | 2770 ||| SHOPLISTING twisted iron wand (96 gold, have 14).
  2828 | D:4      | Found a hazy altar of Hepliaklqana.
  2829 | D:4      | 2829 ||| Stepping ~*~*~tactically~*~*~ (hiding).
  2833 | D:4      | Reached skill level 6 in Axes
  3173 | D:4      | 3173 ||| UPGRADING to +0 chain mail.
  3183 | D:4      | 3183 ||| DROPPING +2 scale mail of poison resistance.
  3184 | D:4      | 3184 ||| UPGRADING to amulet of faith.
  3189 | D:4      | 3189 ||| READING scroll labelled NEENO BACUNUCH.
  3190 | D:4      | 3190 ||| DRINKING 2 lumpy emerald potions.
  3213 | D:4      | 3213 ||| READING 3 scrolls of identify.
  3213 | D:4      | 3213 ||| IDENTIFYING sapphire potion
  3214 | D:4      | 3214 ||| READING 2 scrolls of identify.
  3214 | D:4      | 3214 ||| IDENTIFYING green potion
  3215 | D:4      | 3215 ||| DROPPING potion of invisibility.
  3216 | D:4      | 3216 ||| DROPPING potion of flight.
  3236 | D:5      | Entered Level 5 of the Dungeon
  3247 | D:5      | 3247 ||| Stepping ~*~*~tactically~*~*~ (stealth).
  3260 | D:5      | 3260 ||| STAIRDANCE
  3262 | D:4      | 3262 ||| DRINKING 3 potions of curing.
  3262 | D:4      | 3262 ||| (to cure confusion)
  3267 | D:5      | 3267 ||| STAIRDANCE
  3290 | D:5      | 3290 ||| STAIRDANCE
  3311 | D:5      | 3311 ||| STAIRDANCE
  3424 | D:5      | Reached skill level 7 in Axes
  3664 | D:5      | Reached * piety under Okawaru
  3665 | D:5      | Reached XP level 8. HP: 49/49 MP: 8/8
  4036 | D:5      | 4036 ||| UPGRADING to +0 kite shield.
  4046 | D:5      | 4046 ||| DROPPING +0 buckler.
  4085 | D:6      | Reached skill level 1 in Invocations
  4128 | D:6      | 4128 ||| Stepping ~*~*~tactically~*~*~ (stealth).
  4130 | D:6      | 4130 ||| INVOKING Heroism.
  4233 | D:6      | 4233 ||| Stepping ~*~*~tactically~*~*~ (hiding).
  4235 | D:6      | 4235 ||| Stepping ~*~*~tactically~*~*~ (hiding).
  4237 | D:6      | 4237 ||| Stepping ~*~*~tactically~*~*~ (hiding).
  4353 | D:6      | Noticed Blork the orc
  4354 | D:6      | 4354 ||| INVOKING Heroism.
  4367 | D:6      | 4367 ||| DRINKING potion of cancellation.
  4369 | D:6      | 4369 ||| INVOKING Heroism.
  4371 | D:6      | Killed Blork the orc
  4372 | D:6      | Reached skill level 3 in Invocations
  4438 | D:6      | Identified the +4 falchion of Iretinen {antimagic, rF+
                  | Will+}
  4449 | D:6      | Found a runed translucent gate.
  4451 | D:6      | Found a runed translucent door.
  4476 | D:6      | Found a blossoming altar of Fedhas.
  4502 | D:6      | Noticed an oklob plant
  4503 | D:6      | 4503 ||| INVOKING Heroism.
  4534 | D:6      | Killed from afar by an oklob plant

Levels and vault maps discovered:
D:1:      tarquinn_simple_flora_water_c, layout_rooms,
          ebering_ecumenical_altar_ruins
D:2:      layout_loops_ring, uniq_crazy_yiuf_cottage
D:3:      minmay_general_purpose_star, layout_basic,
          mainiacjoe_overflow_surrounded_room, amethyst_overflow_temple_binary,
          uniq_grinder, uniq_terence, uniq_sigmund
D:4:      layout_loops_ring, nicolae_hepliaklqana_hippocampus,
          minmay_temple_entry_slanted, serial_shops, shop
D:5:      layout_cave_pools, serial_bayou_pond_d
D:6:      layout_cave_pools, tgw_fedhas, serial_glass, glass_columns_a,
          glass_columns_a, minmay_guarded_unrand_staff_of_olgreb,
          uniq_blork_the_orc
Temple:   nicolae_temple_no_exploring_needed

Skill      XL: |  1  2  3  4  5  6  7  8 |
---------------+-------------------------+-----
Axes           | 2 3 5 7 |  7.1
Fighting       | 4 5 |  5.2
Dodging        | 1 |  1.2
Invocations    | 3 |  3.0
Shields        | 4 |  4.6
Throwing       | |  0.9
Armour         | |  3.2

Action                     |  1- 3 |  4- 6 |  7- 9 || total
---------------------------+-------+-------+-------++-------
  Melee: War axe           |    81 |    34 |   163 ||   278
  Throw: Boomerang         |       |       |    21 ||    21
 Invoke: Heroism           |       |       |     4 ||     4
    Use: Scroll            |     8 |     2 |     4 ||    14
         Potion            |     2 |     1 |     3 ||     6
 Armour: Scale mail        |    33 |     7 |    17 ||    57
         Chain mail        |       |       |    46 ||    46
  Dodge: Dodged            |    33 |    14 |    35 ||    82
  Block: Buckler           |    18 |     3 |    13 ||    34
         Kite shield       |       |       |    13 ||    13

Table legend:
 A = Non-vault XP
 B = Vault XP
 C = Vault XP percentage of total XP
 D = Non-vault monster count
 E = Vault monster count
 F = Vault count percentage of total count
                 A         B        C        D         E       F
            +---------+---------+-------+---------+---------+-------
      Total |    1054 |     617 |  36.9 |      85 |       6 |   6.6
            +---------+---------+-------+---------+---------+-------
        D:1 |       6 |       0 |   0.0 |       4 |       0 |   0.0
        D:2 |      64 |       0 |   0.0 |      20 |       0 |   0.0
        D:3 |      41 |     526 |  92.8 |      13 |       5 |  27.8
        D:4 |     178 |       0 |   0.0 |      19 |       0 |   0.0
        D:5 |     419 |       0 |   0.0 |      21 |       0 |   0.0
        D:6 |     346 |      91 |  20.8 |       8 |       1 |  11.1
            +---------+---------+-------+---------+---------+-------
